Map: Tropic Shores

Players

Tinfoil - Winner!

  • Race: Zerg Zerg
  • League: Diamond
  • Spawn Location: 6:00

ShinySalt - Winner!

  • Race: Protoss Protoss
  • League: Diamond
  • Spawn Location: 5:00

JaySlays - Winner!

  • Race: Protoss Protoss
  • Spawn Location: 6:00

Wolf - Winner!

  • Race: Zerg Zerg
  • League: Diamond
  • Spawn Location: 5:00

GoldenFinch

  • Race: Zerg Zerg
  • Spawn Location: 11:00

isobro

  • Race: Terran Terran
  • League: Platinum
  • Spawn Location: 0:00

linxinyuan

  • Race: Protoss Protoss
  • League: Diamond
  • Spawn Location: 12:00

Lambdanaut

  • Race: Zerg Zerg
  • League: Diamond
  • Spawn Location: 12:00

VOD

Have the link to the VOD?

Description

Time

  • Played on: April 16, 2018, 8:48 p.m.
  • Length: 16:40
Show
View Real Time Build Order
Export as new Build Order

Tinfoil Zerg - Winner!

Build Orders: Pool First, Lurkers, Swarm Host 

Get SALT Encoding   

  12  0:01  Drone  
  13  0:13  Overlord  
  13  0:18  Drone  
  14  0:33  Drone x2  
  16  0:39  Drone  
  17  0:52  Extractor  
  17  0:53  Drone  
  17  0:54  Spawning Pool  
  16  0:58  Drone  
  17  1:08  Drone  
  18  1:25  Hatchery  
  17  1:28  Drone  
  18  1:40  Queen  
  18  1:43  Zergling x2  
  21  1:53  Metabolic Boost  
  21  1:57  Overlord  
  21  2:06  Drone  
  23  2:15  Drone x2  
  24  2:24  Queen  
  24  2:26  Drone  
  27  2:33  Drone  
  28  2:38  Drone  
  29  2:46  Drone  
  30  2:53  Drone  
  31  2:59  Drone  
  31  3:00  Drone x3  
  34  3:07  Drone  
  34  3:10  Overlord  
  34  3:12  Lair  
  35  3:26  Overlord  
  35  3:28  Drone x2  
  37  3:37  Drone x2  
  39  3:41  Hatchery  
  39  3:42  Extractor  
  39  3:47  Zergling x2  
  39  3:48  Zergling x6  
  41  3:56  Zergling x2  
  41  4:00  Zergling x2  
  43  4:04  Overlord  
  43  4:07  Zergling x2  
  43  4:08  Zergling x4  
  45  4:16  Infestation Pit  
  45  4:17  Overlord, Zergling x2  
  44  4:19  Zergling x4  
  42  4:31  Zergling x4  
  41  4:40  Hydralisk Den  
  41  4:41  Zergling x2  
  41  4:42  Zergling x14  
  47  4:53  Zergling x4  
  46  5:03  Zergling x6  
  49  5:10  Hydralisk x4  
  54  5:16  Hydralisk  
  54  5:24  Hydralisk x2  
  56  5:31  Hydralisk x2  
  58  5:39  Hydralisk  
  50  5:50  Zergling x2  
  50  5:51  Zergling x8  
  47  6:06  Zergling x2  
  47  6:07  Zergling x6  
  40  6:35  Hydralisk  
  41  7:00  Drone  
  41  7:01  Drone x5  
  47  7:04  Muscular Augments  
  47  7:12  Queen  
  47  7:14  Drone  
  48  7:25  Hydralisk x2  
  46  7:33  Drone  
  47  7:43  Drone x2  
  49  7:44  Queen  
  51  8:00  Drone  
  51  8:01  Drone x3  
  50  8:14  Hydralisk x2  
  50  8:15  Grooved Spines  
  54  8:21  Extractor  
  54  8:22  Extractor  
  54  8:26  Lurker Den  
  51  8:28  Drone  
  51  8:29  Drone x5, Evolution Chamber  
  56  8:35  Overlord  
  56  8:36  Overseer  
  56  8:48  Overlord x2  
  56  8:54  Zerg Missile Weapons Level 1  
  56  9:01  Hydralisk x2  
  60  9:04  Overlord  
  60  9:08  Hatchery  
  58  9:10  Hydralisk x2  
  60  9:22  Hydralisk x3  
  58  9:33  Hydralisk x2  
  62  9:40  Hydralisk  
  64  9:55  Drone x5  
  64  9:57  Extractor x2, Queen  
  69  10:16  Drone x2  
  69  10:17  Drone x5  
  69  10:20  Overlord  
  76  10:30  Lurker x3  
  76  10:32  Overlord  
  76  10:33  Drone x3  
  82  10:43  Lurker x5  
  87  10:50  Drone  
  87  10:51  Drone x3  
  91  11:00  Drone x2  
  91  11:02  Zerg Missile Weapons Level 2  
  93  11:21  Swarm Host x6  
  93  11:24  Overlord  
  111  11:36  Overlord x2  
  111  11:50  Pneumatized Carapace  
  111  11:52  Overseer  
  111  11:53  Hatchery  
  110  11:54  Swarm Host x3  
  110  11:58  Pathogen Glands  
  119  12:11  Drone x7  
  126  12:16  Extractor  
  126  12:18  Extractor  
  124  12:27  Drone x6  
  124  12:28  Drone x2  
  132  12:45  Hive  
  132  12:46  Burrow  
  132  12:54  Infestor x3  
  132  12:56  Overlord x4  
  137  13:03  Hatchery  
  137  13:05  Extractor  
  129  13:25  Infestor x5  
  133  13:40  Zerg Ground Armor Level 1  
  133  13:44  Neural Parasite  
  133  13:46  Zergling x10  
  133  13:47  Zergling x8  
  139  13:53  Hatchery  
  138  14:11  Zergling x12  
  138  14:12  Zergling x10  
  138  14:13  Adrenal Glands  
  146  14:17  Overlord  
  146  14:34  Zergling x14  
  153  14:39  Overlord x4  
  153  14:42  Evolution Chamber  
  133  15:24  Hydralisk x12  
  133  15:25  Hydralisk x5  
  166  15:37  Drone  
  166  15:50  Overseer  
  166  15:52  Swarm Host x6  
Show
View Real Time Build Order
Export as new Build Order

ShinySalt Protoss - Winner!

Build Orders: Zealot Archon 

Get SALT Encoding   

  12  0:01  Probe  
  13  0:13  Probe  
  14  0:18  Pylon  
  14  0:25  Probe  
  15  0:39  Probe, Gateway  
  16  0:46  Assimilator  
  16  0:51  Assimilator  
  16  0:52  Probe  
  17  1:05  Probe (Chrono Boost)  
  18  1:17  Probe (Chrono Boost)  
  18  1:18  Gateway  
  19  1:22  Pylon  
  19  1:28  Probe (Chrono Boost)  
  20  1:36  Cybernetics Core  
  20  1:42  Probe  
  22  1:54  Probe  
  22  2:06  Probe  
  23  2:13  Warp Gate  
  23  2:22  Nexus  
  23  2:31  Adept  
  25  2:37  Adept  
  25  2:38  Probe  
  28  2:50  Probe  
  29  3:00  Sentry  
  29  3:03  Pylon  
  31  3:05  Assimilator  
  31  3:15  Twilight Council  
  31  3:22  Probe (Chrono Boost)  
  32  3:29  Probe (Chrono Boost), Stalker  
  32  3:31  Stalker  
  37  3:36  Probe (Chrono Boost)  
  37  3:38  Probe (Chrono Boost)  
  39  3:48  Probe (Chrono Boost)  
  40  3:53  Probe (Chrono Boost)  
  40  3:54  Probe (Chrono Boost)  
  40  4:00  Probe  
  39  4:19  Probe  
  39  4:20  Probe  
  39  4:21  Gateway  
  39  4:22  Gateway  
  39  4:31  Probe, Stalker x2  
  44  4:46  Gateway  
  44  4:51  Pylon x2  
  44  5:11  Stalker x2  
  46  5:31  Stalker x2  
  50  5:43  Blink (Chrono Boost)  
  50  5:46  Stalker x2  
  50  6:01  Stalker x3  
  56  6:15  Probe x2  
  58  6:27  Probe  
  58  6:28  Probe  
  58  6:30  Assimilator  
  60  6:33  Templar Archives  
  61  6:40  Probe x2  
  62  6:52  Probe x2  
  64  6:55  Forge  
  64  6:58  Forge, Sentry x2  
  64  6:59  Pylon  
  68  7:01  Psionic Storm  
  68  7:02  Pylon  
  68  7:04  Probe x2  
  70  7:17  Probe  
  70  7:20  High Templar x3  
  70  7:21  High Templar x2  
  81  7:24  Archon  
  81  7:43  Probe  
  82  7:47  Nexus  
  82  7:49  Pylon  
  82  7:52  Pylon  
  74  8:14  Stalker x4  
  82  8:20  High Templar  
  82  8:22  Gateway  
  82  8:27  Assimilator  
  66  8:49  High Templar x2  
  66  8:50  High Templar x2  
  66  8:52  Probe  
  66  8:53  Probe  
  72  8:58  Archon  
  72  9:01  Zealot  
  72  9:02  Probe  
  75  9:04  Probe  
  75  9:05  Probe  
  65  9:20  Stalker  
  65  9:21  Stalker  
  57  9:39  Stalker x2  
  57  9:40  Stalker x2  
  57  9:41  Protoss Ground Armor Level 1 (Chrono Boost)  
  63  9:45  Protoss Ground Weapons Level 1 (Chrono Boost)  
  63  9:47  Gateway  
  62  10:01  Nexus  
  62  10:03  Pylon  
  62  10:05  Assimilator, High Templar x2  
  62  10:06  High Templar  
  68  10:11  Charge (Chrono Boost)  
  68  10:15  Probe  
  68  10:20  Probe  
  70  10:24  Shield Battery  
  70  10:26  Photon Cannon  
  70  10:28  High Templar  
  72  10:32  Zealot  
  74  10:37  Pylon  
  74  10:41  Gateway  
  74  10:49  Robotics Facility  
  74  10:51  Zealot x2  
  74  10:52  Zealot x3  
  74  10:55  Probe  
  85  11:04  Gateway  
  85  11:09  Sentry  
  85  11:10  Probe  
  88  11:11  Probe  
  89  11:22  Probe  
  89  11:24  Protoss Ground Armor Level 2, Stargate  
  90  11:36  Observer  
  90  11:39  Robotics Facility  
  91  11:58  Observer  
  80  12:10  Archon  
  72  12:26  Stalker x3  
  72  12:27  Stalker x4  
  86  12:35  Pylon  
  86  12:37  Pylon  
  86  12:38  Gateway, Observer  
  87  12:46  Dark Shrine  
  87  12:49  High Templar x2  
  91  12:58  Protoss Ground Weapons Level 2  
  91  12:59  Observer, High Templar x2  
  91  13:02  Zealot x4  
  94  13:31  Archon  
  94  13:33  Stalker x3  
  98  13:37  High Templar x2  
  98  13:44  Stalker x3  
  103  13:58  Pylon  
  103  13:59  Dark Templar x2  
  103  14:00  Pylon  
  107  14:11  Stalker x3  
  107  14:12  Stalker  
  107  14:15  Zealot x2  
  119  14:17  High Templar  
  119  14:47  Zealot x6  
  131  14:54  Observer  
  132  15:14  Stalker  
  132  15:15  Stalker x3, Observer  
  132  15:16  Stalker x4  
  111  15:39  Archon  
  67  16:11  Stalker x6  
  73  16:12  Stalker x3  
  85  16:35  Stalker x2  
  85  16:36  Stalker x6  
Show
View Real Time Build Order
Export as new Build Order

JaySlays Protoss - Winner!

Build Orders: 1 Gate Expand 

Get SALT Encoding   

  12  0:01  Probe  
  13  0:13  Probe  
  14  0:24  Pylon  
  14  0:25  Probe  
  15  0:42  Probe (Chrono Boost)  
  16  0:45  Gateway  
  16  0:49  Assimilator  
  16  0:53  Probe (Chrono Boost)  
  17  0:58  Probe (Chrono Boost)  
  18  1:08  Probe  
  19  1:20  Probe  
  20  1:30  Nexus  
  20  1:33  Probe  
  21  1:45  Cybernetics Core  
  21  1:47  Probe (Chrono Boost)  
  22  1:57  Assimilator  
  22  1:59  Probe (Chrono Boost)  
  23  2:07  Pylon  
  23  2:17  Warp Gate (Chrono Boost)  
  23  2:25  Probe  
  24  2:30  Gateway  
  24  2:37  Probe  
  25  2:45  Stalker  
  28  2:53  Probe x2 (Chrono Boost)  
  29  3:04  Probe (Chrono Boost)  
  31  3:06  Probe (Chrono Boost)  
  31  3:08  Pylon, Probe (Chrono Boost)  
  32  3:13  Twilight Council  
  32  3:14  Probe  
  32  3:19  Probe  
  34  3:26  Probe  
  35  3:31  Probe, Gateway  
  36  3:37  Gateway  
  36  3:39  Probe  
  37  3:44  Assimilator  
  37  3:47  Assimilator  
  37  3:48  Probe  
  37  3:51  Probe  
  39  4:00  Probe  
  40  4:03  Shield Battery  
  40  4:05  Shield Battery  
  40  4:07  Stalker  
  42  4:20  Stalker  
  42  4:30  Probe  
  42  4:31  Probe  
  40  4:32  Stalker  
  40  4:37  Stalker  
  40  4:38  Stalker  
  46  4:43  Probe x2  
  48  4:49  Stalker  
  50  4:55  Probe  
  51  5:02  Pylon  
  49  5:07  Stalker x2  
  49  5:15  Pylon  
  49  5:16  Pylon  
  43  5:22  Stalker  
  42  5:43  Pylon  
  42  5:44  Pylon  
  42  5:50  Blink  
  42  6:07  Pylon  
  42  6:09  Gateway  
  42  6:13  Pylon  
  42  6:25  Cybernetics Core  
  42  6:26  Zealot  
  44  6:34  Probe x2  
  44  6:38  Zealot x2  
  50  6:46  Forge  
  50  6:47  Zealot  
  50  6:49  Forge  
  52  7:02  Stalker x3  
  58  7:12  Stalker  
  58  7:13  Stalker  
  62  7:16  Protoss Ground Weapons Level 1 (Chrono Boost)  
  62  7:17  Protoss Ground Armor Level 1 (Chrono Boost)  
  62  7:44  Stalker x5  
  72  7:51  Templar Archives  
  68  8:30  Pylon, Stalker x2  
  68  8:31  Stalker x3  
  78  8:38  Pylon  
  78  8:39  Pylon  
  78  8:42  Pylon  
  78  8:44  Pylon  
  78  8:48  Gateway x2  
  78  8:49  Gateway  
  72  9:00  Shield Battery  
  66  9:03  Shield Battery  
  57  9:14  Protoss Ground Weapons Level 2 (Chrono Boost)  
  43  9:22  Protoss Ground Armor Level 2 (Chrono Boost)  
  43  9:23  Stalker x3  
  43  9:24  Stalker x2  
  52  9:26  Charge (Chrono Boost)  
  52  9:56  Stalker x3  
  52  9:57  Stalker x5  
  68  10:08  Probe  
  68  10:09  Probe  
  69  10:25  Stalker x4  
  69  10:26  Stalker x4  
  81  10:49  Stalker x2  
  85  10:50  Stalker  
  85  10:53  High Templar  
  85  10:54  High Templar x2  
  85  10:55  High Templar  
  85  10:56  High Templar  
  97  11:01  Archon x2  
  97  11:05  Nexus  
  97  11:17  Pylon x2, Protoss Ground Weapons Level 3 (Chrono Boost)  
  97  11:20  Pylon  
  97  11:21  Protoss Ground Armor Level 3 (Chrono Boost)  
  97  11:33  Probe x2  
  99  11:44  Zealot x3  
  99  11:45  Probe x2  
  99  11:46  High Templar  
  109  11:50  Archon  
  109  11:53  High Templar x3  
  115  11:55  High Templar  
  115  11:59  Archon x2  
  117  12:22  Psionic Storm  
  115  12:26  High Templar  
  115  12:29  Zealot x2  
  121  12:30  Zealot  
  123  12:37  Assimilator x2  
  123  12:41  High Templar  
  69  13:21  Stalker x4  
  69  13:22  Stalker x4  
  81  13:46  Zealot x6  
  81  13:47  Zealot  
  93  14:16  Zealot  
  93  14:17  Zealot x6  
  97  14:18  Zealot  
  71  14:55  Stalker x5  
  71  14:56  Stalker x2  
  77  15:10  Stalker  
  79  15:23  Gateway  
  79  15:25  Gateway  
  79  15:27  Gateway  
  79  15:28  Stalker x2  
  79  15:29  Gateway, Stalker  
  79  15:31  High Templar  
  79  15:32  High Templar  
  79  15:35  High Templar  
  91  15:36  High Templar  
  91  15:38  Archon  
  91  15:40  Archon  
  93  15:50  High Templar  
  93  15:55  High Templar x2  
  93  15:56  High Templar  
  101  15:59  Archon  
  101  16:00  Archon  
  101  16:19  Stalker x4  
Show
View Real Time Build Order
Export as new Build Order

Wolf Zerg - Winner!

Build Orders: Hatch First 

Get SALT Encoding   

  12  0:03  Drone  
  13  0:12  Overlord  
  13  0:20  Drone  
  14  0:31  Drone x2  
  16  0:38  Drone  
  17  0:56  Hatchery  
  16  1:01  Drone x2  
  18  1:15  Extractor  
  17  1:19  Spawning Pool  
  17  1:21  Drone  
  17  1:24  Drone  
  18  1:29  Drone  
  19  1:39  Overlord  
  19  1:54  Drone  
  20  2:07  Queen  
  20  2:08  Queen  
  24  2:09  Zergling x4  
  24  2:13  Drone  
  24  2:15  Metabolic Boost  
  27  2:20  Drone  
  28  2:43  Drone  
  29  2:48  Drone  
  29  2:49  Drone  
  29  2:50  Drone  
  32  2:53  Drone, Hatchery  
  32  3:02  Evolution Chamber  
  32  3:05  Baneling Nest  
  30  3:07  Drone  
  30  3:10  Drone  
  32  3:13  Drone  
  33  3:23  Drone  
  33  3:24  Drone, Overlord  
  35  3:31  Zerg Ground Armor Level 1  
  35  3:47  Zergling x8  
  39  3:53  Zergling x4  
  39  3:54  Zergling x2  
  42  4:00  Baneling  
  41  4:16  Zergling x2  
  40  4:17  Zergling x12  
  42  4:34  Zergling x2  
  42  4:35  Zergling x6  
  45  4:41  Lair  
  45  4:43  Drone x3  
  38  5:01  Zergling x2  
  38  5:02  Zergling x4  
  39  5:15  Zergling x10  
  39  5:16  Overlord x2  
  41  5:31  Zergling x2  
  41  5:32  Zergling x4  
  40  5:59  Zergling x18  
  49  6:04  Hydralisk Den  
  49  6:06  Spore Crawler  
  49  6:08  Spore Crawler  
  46  6:24  Overlord  
  46  6:25  Drone x6  
  47  6:26  Drone x3  
  47  6:28  Extractor  
  47  6:30  Centrifical Hooks  
  47  6:31  Extractor  
  49  6:33  Extractor  
  49  6:35  Hatchery, Muscular Augments  
  43  6:50  Baneling x2  
  43  6:54  Zergling x2  
  43  6:55  Zergling x14  
  51  7:09  Drone x3  
  54  7:28  Hydralisk x5  
  54  7:29  Hydralisk  
  66  7:40  Baneling  
  66  7:41  Baneling  
  66  7:50  Hydralisk  
  68  7:51  Hydralisk x3  
  68  7:55  Overlord x2  
  68  7:56  Overlord x4  
  74  8:00  Grooved Spines  
  74  8:26  Baneling x2  
  74  8:35  Drone x11  
  85  8:44  Zerg Missile Weapons Level 1  
  85  8:47  Queen  
  87  8:48  Hydralisk x2  
  87  8:49  Hydralisk  
  87  8:51  Extractor  
  87  8:54  Extractor  
  91  9:00  Hydralisk x3  
  97  9:13  Overseer  
  97  9:23  Pneumatized Carapace  
  96  9:28  Hydralisk  
  96  9:29  Hydralisk x6  
  96  9:30  Zergling x2  
  99  10:12  Hydralisk  
  99  10:13  Hydralisk x8  
  105  10:25  Drone x2  
  105  10:26  Drone  
  108  10:33  Infestation Pit  
  100  10:43  Drone x2  
  100  10:44  Drone  
  103  10:59  Zerg Missile Weapons Level 2  
  103  11:02  Overlord x2  
  103  11:03  Zergling x12  
  103  11:04  Zergling x6  
  112  11:17  Zergling x10  
  117  11:42  Hatchery  
  117  11:45  Zergling x2  
  117  11:46  Zergling x22  
  128  11:56  Hive  
  128  12:06  Hatchery  
  126  12:23  Baneling x11  
  126  12:24  Baneling x30  
  126  12:25  Baneling x9  
  126  12:32  Overseer x2  
  99  13:20  Hydralisk x5, Zergling x6  
  99  13:21  Hydralisk x5, Zergling x10  
  99  13:22  Zergling x8  
  125  13:56  Hydralisk x8  
  125  14:01  Overlord x3  
  141  14:09  Drone  
  128  14:10  Drone x4  
  91  14:26  Hydralisk x4  
  95  14:34  Viper  
  95  14:35  Viper  
  95  14:37  Viper  
  104  15:01  Hydralisk  
  104  15:02  Hydralisk x8  
  122  15:07  Viper  
  125  15:30  Drone x2, Evolution Chamber x2  
  125  15:31  Drone  
Show
View Real Time Build Order
Export as new Build Order

GoldenFinch Zerg 

Build Orders: Pool First 

Get SALT Encoding   

  12  0:01  Drone  
  13  0:09  Drone  
  14  0:17  Extractor  
  14  0:18  Drone  
  14  0:24  Overlord  
  14  0:43  Spawning Pool  
  14  0:48  Drone  
  14  0:54  Drone  
  15  0:59  Drone  
  16  1:04  Drone  
  16  1:10  Drone  
  18  1:25  Drone  
  19  1:29  Queen  
  19  1:32  Drone  
  22  1:41  Overlord  
  22  1:45  Extractor  
  21  1:50  Metabolic Boost  
  21  2:11  Hatchery  
  20  2:20  Drone x3  
  23  2:32  Drone  
  24  2:42  Spore Crawler  
  24  2:44  Spore Crawler  
  22  2:47  Zergling x4  
  24  2:54  Zergling x2  
  24  2:56  Zergling x2  
  26  3:05  Zergling x2  
  27  3:15  Zergling x6  
  27  3:16  Overlord  
  30  3:29  Lair  
  30  4:01  Zergling x14  
  30  4:02  Zergling x2  
  30  4:21  Zergling x6  
  30  4:24  Queen  
  35  4:33  Drone, Infestation Pit  
  35  4:38  Drone  
  34  5:02  Drone x6  
  31  5:26  Zergling x14  
  38  5:29  Zergling x2  
  39  5:40  Infestor x2  
  43  5:48  Burrow  
  42  6:14  Overlord x6  
  40  6:30  Drone x3  
  40  6:32  Extractor  
  38  6:34  Extractor, Drone x3  
  39  6:45  Pathogen Glands  
  39  6:46  Evolution Chamber  
  38  6:55  Evolution Chamber  
  38  6:58  Drone x3  
  38  7:00  Drone  
  41  7:10  Drone x4  
  45  7:20  Zergling x4  
  45  7:21  Zergling x4  
  49  7:24  Zergling x4  
  49  7:28  Spine Crawler  
  50  7:45  Zergling x6  
  50  7:46  Zergling x10  
  52  8:26  Zergling x8  
  52  8:27  Zergling x6  
  57  8:30  Zerg Melee Weapons Level 1  
  57  8:31  Zerg Ground Armor Level 1  
  59  8:35  Zergling x8  
  59  8:36  Zergling x4  
  61  8:49  Neural Parasite  
  58  8:56  Zergling x2, Hydralisk Den  
  58  8:57  Zergling x4  
  56  9:36  Infestor x2  
  56  9:37  Infestor x4  
  68  9:50  Drone x2  
  57  10:18  Zergling x12  
  57  10:19  Zergling x8  
  67  10:24  Infestor  
  67  10:25  Infestor  
  71  10:34  Grooved Spines  
  71  10:49  Zerg Melee Weapons Level 2  
  71  11:00  Queen  
  73  11:05  Hatchery  
  73  11:10  Zergling x18  
  73  11:11  Zergling x4  
  83  11:12  Overlord x3  
  83  11:37  Hatchery  
  82  11:40  Zergling x10  
  82  11:41  Zergling x10  
  82  11:45  Muscular Augments  
  64  12:21  Overseer  
  61  12:26  Spore Crawler  
  61  12:28  Spore Crawler, Zergling x12  
  61  12:29  Zergling x12  
  71  12:30  Spine Crawler  
  71  12:31  Spore Crawler  
  71  12:32  Spine Crawler  
  68  12:53  Infestor  
  68  12:54  Nydus Network, Infestor x5  
  80  13:12  Zergling x2  
  80  13:13  Zergling x10  
  69  13:47  Zergling x8  
  69  13:48  Zergling x14  
  79  13:49  Zergling x4  
  43  15:05  Zergling x4  
  43  15:06  Zergling x6  
  43  15:07  Zergling x18  
  34  16:15  Overseer x2  
  34  16:16  Overseer  
Show
View Real Time Build Order
Export as new Build Order

isobro Terran 

Build Orders: MMM Bio 

Get SALT Encoding   

  12  0:16  SCV  
  13  0:27  Supply Depot  
  13  0:28  SCV  
  14  0:39  Refinery  
  14  0:40  SCV  
  15  0:52  SCV  
  15  0:55  Barracks  
  16  1:04  SCV  
  16  1:08  Barracks  
  17  1:16  SCV  
  18  1:28  SCV  
  19  1:44  Orbital Command  
  19  1:46  Marine, Supply Depot  
  20  1:58  Factory  
  20  2:09  Marine x2  
  22  2:17  SCV  
  22  2:22  Refinery  
  23  2:27  Marine  
  24  2:31  Supply Depot  
  24  2:34  Barracks Tech Lab, SCV  
  25  2:45  Marine  
  25  2:49  Factory Reactor  
  27  2:51  SCV  
  27  3:00  Stimpack  
  27  3:03  Marine  
  28  3:09  Marine  
  29  3:14  Supply Depot  
  29  3:20  Marine, Starport, SCV  
  29  3:26  Supply Depot  
  31  3:27  Marine  
  31  3:29  Cyclone  
  35  3:35  Hellion  
  35  3:38  Marine  
  38  3:44  SCV  
  39  3:49  Marine  
  40  3:56  Marine  
  40  3:58  Supply Depot  
  40  4:02  Medivac  
  43  4:12  SCV  
  44  4:20  Supply Depot  
  44  4:24  SCV  
  45  4:37  SCV  
  46  4:42  Marine, Command Center  
  47  4:49  SCV  
  45  5:02  Marine  
  45  5:03  Marine  
  45  5:04  Cyclone x2  
  53  5:07  SCV  
  54  5:19  SCV  
  54  5:20  Marine x2  
  52  5:31  SCV  
  52  5:35  Medivac  
  52  5:38  Marine  
  52  5:39  Marauder  
  57  5:43  SCV  
  53  5:54  Cyclone  
  53  5:55  SCV  
  53  5:56  Marine  
  57  6:08  Marine  
  57  6:09  Cyclone  
  61  6:13  Orbital Command  
  61  6:22  Marine  
  62  6:26  Marauder  
  64  6:36  SCV  
  65  6:40  Marine  
  65  6:41  Refinery  
  65  6:42  SCV  
  67  6:47  Marine  
  67  6:48  SCV  
  67  6:54  SCV  
  70  6:55  Engineering Bay  
  70  6:58  Marine  
  71  7:02  Medivac, Cyclone  
  71  7:05  Marine, Concussive Shells  
  71  7:07  SCV  
  78  7:29  Command Center  
  78  7:31  Refinery  
  78  7:35  Marine, Medivac, SCV x2  
  78  7:36  Supply Depot  
  78  7:37  Supply Depot  
  78  7:42  Marauder  
  78  7:48  Combat Shields  
  78  7:57  Marine, SCV x2, Cyclone  
  84  7:59  Cyclone  
  84  8:03  Marauder  
  84  8:04  Barracks  
  88  8:06  Barracks  
  88  8:07  Barracks  
  88  8:09  SCV  
  89  8:15  Marine  
  90  8:24  Marine  
  91  8:33  Marine  
  85  8:50  Barracks  
  85  8:51  Barracks x2  
  85  8:52  Barracks  
  85  8:53  Barracks  
  80  8:55  Barracks  
  79  9:08  Marine  
  79  9:09  Marauder  
  80  9:10  Cyclone  
  80  9:11  Cyclone  
  80  9:13  Barracks Tech Lab x2  
  80  9:16  Medivac  
  82  9:20  Barracks Tech Lab  
  82  9:26  Marine  
  82  9:30  Marauder  
  82  9:35  Marine  
  82  9:36  Marauder  
  85  9:44  Marine x5  
  85  9:45  Marine x2  
  92  9:51  Marine  
  88  9:54  Marauder  
  88  9:57  Marine  
  86  10:02  Marine x2, Unknown  
  86  10:05  Marine  
  86  10:06  Marine x3  
  90  10:09  Marauder  
  90  10:15  Marauder x2  
  90  10:21  Marine x3  
  95  10:25  Terran Infantry Weapons Level 1  
  97  10:31  Marauder, Planetary Fortress  
  99  10:36  Marine x3, Marauder  
  99  10:37  Marauder  
  99  10:39  Marine x2  
  108  10:44  Engineering Bay  
  108  10:57  Supply Depot, Medivac, Marauder  
  110  11:02  Supply Depot  
  112  11:04  Supply Depot  
  112  11:05  Supply Depot  
  112  11:10  Marauder x2  
  120  11:18  Marauder x2  
  120  11:27  Medivac  
  120  11:31  Marauder  
  119  11:33  Marine x2  
  119  11:34  Marine x2, Marauder  
  119  11:35  Barracks Tech Lab x3  
  129  11:40  Missile Turret, Marauder x2  
  129  11:41  Sensor Tower  
  129  11:49  Terran Infantry Armor Level 1  
  129  11:51  Marine x2  
  129  11:52  Marine x2  
  129  11:53  Marauder  
  135  11:55  Marauder, Armory  
  135  11:57  Medivac  
  143  12:01  Marauder x2  
  143  12:08  Marine  
  143  12:09  Marine x2  
  143  12:14  Marauder  
  148  12:16  Marine  
  149  12:33  Marine x2, Supply Depot  
  149  12:34  Marauder x3  
  157  12:37  Supply Depot  
  157  12:40  Supply Depot x2  
  157  12:42  Terran Infantry Weapons Level 2  
  157  12:54  Factory Tech Lab  
  157  12:55  Starport Reactor, Marauder x4  
  165  12:58  Marine  
  133  13:06  Marine x3, Marauder  
  133  13:07  Marauder  
Show
View Real Time Build Order
Export as new Build Order

linxinyuan Protoss 

Build Orders:  

Get SALT Encoding   

  12  0:03  Probe (Chrono Boost)  
  13  0:15  Probe (Chrono Boost)  
  14  0:23  Probe (Chrono Boost)  
  14  0:25  Pylon  
  15  0:31  Assimilator  
  15  0:43  Gateway  
  15  0:45  Probe  
  17  0:57  Probe (Chrono Boost)  
  17  0:59  Assimilator  
  17  1:08  Probe (Chrono Boost)  
  18  1:13  Probe (Chrono Boost)  
  18  1:15  Pylon  
  19  1:23  Probe  
  20  1:34  Cybernetics Core  
  20  1:35  Probe  
  21  1:47  Probe  
  22  2:04  Zealot  
  24  2:11  Stargate  
  24  2:15  Stargate  
  24  2:18  Pylon  
  24  2:21  Pylon  
  26  2:54  Void Ray  
  30  3:00  Void Ray  
  32  3:32  Nexus  
  32  3:37  Void Ray  
  36  3:55  Void Ray  
  36  4:45  Void Ray  
  38  5:09  Void Ray  
  38  5:13  Probe x2  
  44  5:25  Probe x2  
  46  5:37  Probe (Chrono Boost), Void Ray  
  46  5:39  Probe (Chrono Boost)  
  46  5:42  Assimilator  
  52  5:46  Assimilator  
  52  5:49  Probe (Chrono Boost)  
  54  5:55  Probe (Chrono Boost)  
  54  5:56  Probe (Chrono Boost)  
  55  6:01  Probe  
  55  6:02  Void Ray  
  55  6:04  Probe  
  57  6:13  Probe  
  58  6:22  Void Ray  
  58  6:32  Pylon  
  58  6:33  Pylon  
  58  6:35  Probe x2  
  58  6:36  Pylon  
  58  6:38  Pylon  
  56  6:40  Pylon  
  56  6:45  Void Ray  
  52  6:47  Probe  
  52  6:53  Protoss Air Weapons Level 1 (Chrono Boost)  
  57  7:00  Probe x2  
  59  7:07  Void Ray  
  55  7:37  Void Ray  
  59  7:49  Void Ray  
  59  8:20  Void Ray  
  63  8:30  Shield Battery x2  
  63  8:31  Protoss Air Armor Level 1  
  63  8:32  Void Ray  
  63  8:34  Shield Battery  
  67  9:03  Void Ray  
  71  9:15  Void Ray  
  51  9:46  Void Ray (Chrono Boost)  
  51  9:55  Void Ray (Chrono Boost)  
  55  10:20  Void Ray (Chrono Boost)  
  59  10:29  Void Ray (Chrono Boost)  
  63  10:36  Fleet Beacon  
  63  10:41  Pylon  
  63  10:44  Pylon  
  63  10:46  Pylon  
  63  10:57  Void Ray (Chrono Boost)  
  67  11:04  Forge, Void Ray  
  71  11:18  Mothership (Chrono Boost)  
  79  11:34  Carrier  
  84  12:13  Assimilator  
  84  12:16  Carrier  
  90  12:36  Protoss Air Weapons Level 2  
  90  13:00  Carrier  
  96  13:42  Carrier  
  94  14:25  Carrier  
Show
View Real Time Build Order
Export as new Build Order

Lambdanaut Zerg 

Build Orders: Pool First 

Get SALT Encoding   

  12  0:02  Drone  
  13  0:13  Overlord  
  13  0:21  Drone  
  14  0:41  Spawning Pool  
  13  0:48  Extractor  
  12  0:51  Drone x3  
  15  1:02  Drone  
  16  1:13  Drone  
  17  1:28  Drone  
  18  1:34  Drone  
  18  1:37  Hatchery  
  18  1:44  Queen  
  20  1:47  Drone  
  21  1:58  Overlord  
  21  2:10  Drone  
  21  2:14  Metabolic Boost  
  22  2:17  Evolution Chamber  
  22  2:18  Drone  
  22  2:29  Overlord  
  22  2:39  Zergling x2  
  23  2:48  Zerg Ground Armor Level 1  
  23  2:49  Zergling x2  
  24  2:53  Zergling x2  
  24  2:54  Zergling x6  
  28  3:00  Zergling x2  
  29  3:09  Zergling x2  
  30  3:19  Zergling x2  
  31  3:23  Zergling x4  
  31  3:25  Queen  
  31  3:26  Zergling x2  
  36  3:33  Zergling x2  
  37  3:36  Zergling x2, Baneling Nest  
  37  3:52  Zergling x4  
  37  3:53  Zergling x4  
  41  3:56  Zergling x2  
  41  3:57  Zergling x2  
  42  4:18  Zergling x2  
  42  4:19  Zergling x10  
  41  4:26  Zergling x2  
  42  4:38  Zergling x2  
  42  4:39  Zergling x2  
  42  4:40  Overlord  
  44  4:51  Zergling x2  
  43  4:56  Zergling x2  
  43  4:57  Zergling x2  
  40  5:08  Zergling x2  
  40  5:10  Zergling x8  
  42  5:19  Zerg Melee Weapons Level 1  
  42  5:20  Lair  
  39  5:21  Zergling x2  
  39  5:22  Zergling x2  
  40  5:29  Zergling x2  
  37  5:47  Zergling x2  
  37  5:48  Zergling x8  
  38  5:51  Zergling x2  
  38  5:52  Zergling x4  
  39  6:02  Zergling x6  
  41  6:11  Zergling x2  
  41  6:12  Zergling x2  
  43  6:19  Zergling x4  
  45  6:27  Zergling x2  
  41  6:35  Zergling x4  
  32  6:52  Drone x4  
  32  6:53  Drone  
  37  7:01  Extractor  
  37  7:06  Drone  
  37  7:07  Drone x2, Evolution Chamber  
  38  7:23  Zergling x4  
  40  7:36  Drone x3  
  43  7:37  Overlord x2  
  43  7:38  Overlord  
  43  7:40  Overlord  
  43  7:46  Zerg Missile Weapons Level 1  
  43  8:04  Drone x2  
  43  8:05  Drone x4  
  48  8:16  Drone x2  
  48  8:21  Drone  
  48  8:22  Drone, Zerg Ground Armor Level 2  
  50  8:36  Centrifical Hooks  
  50  8:38  Zergling x2  
  50  8:39  Zergling x6  
  54  8:45  Extractor  
  45  8:55  Zergling x2  
  45  8:56  Zergling x16  
  45  9:02  Zergling x2  
  55  9:11  Zergling x2  
  55  9:12  Zergling x2  
  57  9:23  Overlord  
  51  9:35  Unknown  
  51  9:38  Zergling x14  
  54  9:56  Zergling x12  
  57  10:02  Infestation Pit  
  57  10:04  Zerg Missile Weapons Level 2  
  56  10:11  Roach Warren  
  56  10:13  Zergling x6  
  58  10:19  Baneling x5  
  49  10:40  Zergling x4  
  49  10:41  Zergling x8  
  53  10:43  Baneling x6  
  53  11:01  Extractor  
  49  11:22  Roach x6  
  49  11:23  Glial Reconstitution  
  55  11:43  Baneling  
  55  11:44  Baneling x7  
  55  11:54  Roach x3  
  55  11:55  Roach x2  
  63  12:06  Unknown  
  62  12:29  Roach x3  
  68  12:39  Overlord x3  
  68  12:40  Overlord x3  
  68  12:47  Hive  
  68  12:54  Hatchery  
Tags
 
Add a new tag
Caveats
  • Supply blocks, unpowered buildings, or Contaminate may cause inaccurate times.
  • Supply counts are checked every 10 seconds.